 Dungeon Crawl Stone Soup version 0.21.1-1-g345015f (webtiles) character file.

430 Kairos the Cudgeler (level 6, -4/46 HPs)
             Began as a Demonspawn Skald on Mar 26, 2018.
             Slain by Edmund
             ... wielding a +1 flail of protection
              (6 damage)
             ... on level 4 of the Dungeon.
             The game lasted 00:08:09 (3422 turns).

Kairos the Cudgeler (Demonspawn Skald)              Turns: 3422, Time: 00:08:09

Health: -4/46      AC:  6    Str: 13    XL:     6   Next: 66%
Magic:  18/18      EV: 12    Int: 14    God:
Gold:   144        SH:  0    Dex: 13    Spells: 7/10 levels left

rFire    . . .     SeeInvis +   v - +0 lajatang
rCold    . . .     Gourm    .   (shield currently unavailable)
rNeg     . . .     Faith    .   k - +0 ring mail
rPois    .         Spirit   .   (no helmet)
rElec    .         Reflect  .   l - +0 cloak
rCorr    .         Harm     .   (no gloves)
MR       .....                  (no boots)
Stlth    ++........             (no amulet)
HPRegen  0.15/turn              g - ring of see invisible
MPRegen  0.16/turn              t - ring of magical power

@: no status effects
A: nightstalker 1, sturdy frame 1
a: no special abilities


You were on level 4 of the Dungeon.
You were not hungry.

You visited 1 branch of the dungeon, and saw 4 of its levels.

You collected 144 gold pieces.

Inventory:

Hand Weapons
 a - a +0 mace
 f - a +4 quarterstaff of chaos
 u - a +0 quarterstaff of protection
 v - a +0 lajatang (weapon)
Armour
 b - a +0 leather armour
 k - a +0 ring mail (worn)
 l - a +0 cloak (worn)
Jewellery
 g - a ring of see invisible (left hand)
 t - a ring of magical power (right hand)
Wands
 r - a wand of flame (32)
Scrolls
 i - a scroll of teleportation
 o - a scroll of remove curse
 s - a scroll of identify
 w - a scroll of amnesia {unknown}
 x - a scroll of immolation {unknown}
Potions
 e - 2 potions of mutation
 h - 2 potions of might
 j - 2 potions of ambrosia
 m - a potion of agility {unknown}
 n - a potion of magic {unknown}
 p - a potion of berserk rage {unknown}
 q - 3 potions of curing {unknown}
 z - a potion of lignification {unknown}
Books
 c - a book of Battle

   Spells                             Type                      Level
   a - Infusion                       Charms                       1
   b - Shroud of Golubria             Charms/Translocation         2
   c - Song of Slaying                Charms                       2
   d - Spectral Weapon                Hexes/Charms                 3
   e - Regeneration                   Charms/Necromancy            3
 y - a book of Minor Magic

   Spells                             Type                      Level
   a - Magic Dart                     Conjuration                  1
   b - Blink                          Translocation                2
   c - Call Imp                       Summoning                    2
   d - Slow                           Hexes                        2
   e - Conjure Flame                  Conjuration/Fire             3
   f - Mephitic Cloud                 Conjuration/Poison/Air       3
Comestibles
 d - 8 rations


   Skills:
 + Level 2.8 Fighting
 + Level 3.5(3.9) Maces & Flails
 + Level 2.1(3.1) Staves
 + Level 2.8 Armour
 + Level 2.6 Dodging
 + Level 0.4 Stealth
 + Level 2.6 Spellcasting
 + Level 3.3 Charms


You had 7 spell levels left.
You knew the following spells:

 Your Spells              Type           Power        Failure   Level  Hunger
a - Infusion              Chrm           ##..         9%          1    #......
b - Shroud of Golubria    Chrm/Tloc      #.........   24%         2    ###....


Dungeon Overview and Level Annotations

Branches:
Dungeon (4/15)
 Temple: D:4-7

Altars:
Hepliaklqana
Okawaru
The Shining One

Shops:
D:4 *[

Annotations:
D:4 Edmund


Innate Abilities, Weirdness & Mutations

You are slightly more attuned to the shadows.
Your movements are slightly less encumbered by armour. (ER -2)


Message History

Edmund hits you but does no damage.
You hit Edmund but do no damage.
Edmund is severely wounded.
Edmund barely misses you.
You hit Edmund but do no damage.
Edmund is severely wounded.
Edmund hits you with a flail of protection.
* * * LOW HITPOINT WARNING * * *
You hit Edmund.
Edmund is severely wounded.
Edmund hits you but does no damage.
You hit Edmund but do no damage.
Edmund is severely wounded.
Edmund says, "What use are spells, anyway?"
Edmund hits you with a flail of protection.
* * * LOW HITPOINT WARNING * * *
You barely miss Edmund.
Edmund is severely wounded.
Edmund hits you with a flail of protection.
You die...

.....# ......## #
#..........# #
#..........# ##
#..........# #.
#..........##########.
#..........##.........
#...@......†.########
##...@......##### #
#...............######
#......<...###........
#...........##........
#...........##........
#.....................
##....................
##......#####........
######## ####..###


You could see Edmund.

Vanquished Creatures
  The ghost of ceb the Skirmisher, an amateur DsFi (D:4)
  Crazy Yiuf (D:2)
  An orc priest (D:3)
  An iguana (D:4)
  Natasha (thrice) (D:2)
  A worker ant (D:4)
  2 adders
  A howler monkey skeleton (D:4)
  A shadow imp (D:3)
  3 oozes
  An adder skeleton (D:4)
  4 worms
  2 dart slugs (D:2)
  2 leopard geckos
  6 orcs (D:3)
  5 hobgoblins
  4 kobolds
  2 quokkas
  2 ball pythons
  2 bats
  7 frilled lizards
  2 goblins (D:2)
  5 rats
59 creatures vanquished.

Notes
Turn   | Place    | Note
-------+----------+-------------------------------------------
     0 | D:1      | Kairos the Demonspawn Skald began the quest for the Orb.
     0 | D:1      | Reached XP level 1. HP: 16/16 MP: 3/3
   196 | D:1      | Gained mutation: Your movements are slightly less encumbered by armour. (ER -2) [demonic ancestry]
   196 | D:1      | Reached XP level 2. HP: 9/22 MP: 5/5
   424 | D:1      | Reached skill level 1 in Armour
   865 | D:2      | Reached XP level 3. HP: 15/27 MP: 6/6
  1089 | D:2      | Found an iron altar of Okawaru.
  1163 | D:2      | Found a glowing golden altar of the Shining One.
  1228 | D:2      | Noticed Natasha
  1240 | D:2      | Killed Natasha
  1240 | D:2      | Reached XP level 4. HP: 22/33 MP: 2/7
  1251 | D:2      | Noticed Natasha
  1259 | D:2      | Killed Natasha
  1320 | D:2      | Noticed Natasha
  1510 | D:2      | Killed Natasha
  1712 | D:2      | Found a runed door.
  1926 | D:2      | Learned a level 2 spell: Shroud of Golubria
  1928 | D:2      | Noticed Crazy Yiuf
  1936 | D:2      | Killed Crazy Yiuf
  1936 | D:2      | Gained mutation: You are slightly more attuned to the shadows. [demonic ancestry]
  1936 | D:2      | Reached XP level 5. HP: 17/38 MP: 0/8
  2822 | D:4      | Reached XP level 6. HP: 36/46 MP: 9/9
  2849 | D:4      | Found Mitwao's Assorted Antiques.
  2850 | D:4      | Reached skill level 1 in Staves
  2873 | D:4      | Noticed ceb's ghost (amateur DsFi)
  3212 | D:4      | Killed ceb's ghost
  3237 | D:4      | Found a hazy altar of Hepliaklqana.
  3321 | D:4      | Found Agips's Antique Armour Shop.
  3400 | D:4      | Noticed Edmund
  3421 | D:4      | HP: 2/46 [Edmund/flail of protection (4)]
  3422 | D:4      | Slain by Edmund

Skill      XL: |  1  2  3  4  5  6 |
---------------+-------------------+-----
Armour         | 1 2 |  2.8
Charms         | 3 |  3.3
Maces & Flails | 2 3 |  3.5
Dodging        | 2 |  2.6
Staves         | 2 |  2.1
Fighting       | |  2.8
Stealth        | |  0.4
Spellcasting   | |  2.6

Action                   |  1- 3 |  4- 6 || total
-------------------------+-------+-------++-------
Melee: Mace              |    87 |    37 ||   124
       Quarterstaff      |       |    69 ||    69
       Lajatang          |       |    40 ||    40
 Cast: Infusion          |     3 |     3 ||     6
       Shroud of Golubri |       |     2 ||     2
  Use: Scroll            |     2 |     4 ||     6
 Stab: Sleeping          |       |     2 ||     2
  Eat: Chunk             |     1 |     5 ||     6
       Ration            |       |     1 ||     1
Armor: Leather armour    |     9 |       ||     9
       Ring mail         |    12 |    41 ||    53
Dodge: Dodged            |    50 |    78 ||   128
